 Dungeon Crawl Stone Soup version 0.29-a0-314-gb00dd7cb4b (webtiles) character file.

Game seed: 3822698715720702141

35 HotDog the Covered (level 3, -5/23 HPs)
             Began as a Gargoyle Fighter on Mar 25, 2022.
             Slain by Terence
             ... wielding a +0 vorpal hand axe
              (13 damage)
             ... on level 2 of the Dungeon on Mar 29, 2022.
             The game lasted 00:01:58 (1608 turns).

HotDog the Covered (Gargoyle Fighter)               Turns: 1608, Time: 00:01:59

Health: -5/23      AC: 10    Str: 21    XL:     3   Next: 35%
Magic:  3/3        EV:  9    Int:  8    God:
Gold:   83         SH:  4    Dex:  9    Spells: 2/2 levels left

rFire   . . .      SeeInvis .   a - +0 flail
rCold   . . .      Faith    .   c - +0 buckler
rNeg    + . .      Spirit   .   b - +0 scale mail
rPois   ∞          Reflect  .   (no helmet)
rElec   +          Harm     .   f - scarf {repulsion}
rCorr   .          Rampage  .   (no gloves)
Will    .....                   (no boots)
Stlth   ..........              (no amulet)
HPRegen 0.07/turn               h - ring of flight
MPRegen 0.08/turn               (no ring)

@: flying, repel missiles
A: sickness immunity, AC +3, negative energy resistance 1, electricity
resistance, torment resistance 1, petrification resistance
a: no special abilities


You were on level 2 of the Dungeon.
You visited 1 branch of the dungeon, and saw 2 of its levels.

You collected 83 gold pieces.

Inventory:

Hand Weapons
 a - a +0 flail (weapon)
Armour
 b - a +0 scale mail (worn)
 c - a +0 buckler (worn)
 f - a scarf of repulsion (worn)
Jewellery
 e - a ring of magical power
 h - a ring of flight (left hand)
Scrolls
 i - a scroll of amnesia {unknown}
Potions
 d - a potion of might


   Skills:
 * Level 3.6 Fighting
 * Level 2.5 Maces & Flails
 * Level 3.6 Armour
 * Level 0.2 Dodging
 * Level 3.6 Shields
 * Level 0.6 Invocations


You had 2 spell levels left.
You didn't know any spells.
Your spell library was empty.

Dungeon Overview and Level Annotations

Branches:
Dungeon (2/15)

Altars:

Annotations:
D:2 Terence


Innate Abilities, Weirdness & Mutations

You are immune to sickness and miasma.
Your stone body is resilient. (AC +3)
You are immune to poison.
You resist negative energy. (rN+)
You are resistant to electric shocks. (rElec)
You are resistant to unholy torment.
You are immune to petrification.


Message History

A goblin is nearby!
You miss the goblin. The goblin hits you but does no damage.
The goblin hits you with a +0 dagger.
You sock the goblin!
You kill the goblin!
No target in view!
No target in view!
No target in view!
No target in view!
No target in view!
No target in view!
No target in view!
No target in view!
No target in view!
Terence the Incautious comes into view.
He is wielding a +0 vorpal hand axe.
Terence is nearby!
Things that are here:
a +0 dagger; a goblin corpse You hit Terence but do no damage.
Terence hits you with a +0 vorpal hand axe.
You thump Terence!
Terence is moderately wounded.
Terence drinks a potion.
Terence goes berserk!
You hit Terence.
Terence is heavily wounded.
Terence hits you with a +0 vorpal hand axe.
Terence hits you but does no damage.
You are too injured to fight recklessly!
You are too injured to fight recklessly!
You hit Terence but do no damage.
Terence is heavily wounded.
Terence hits you with a +0 vorpal hand axe.
* * * LOW HITPOINT WARNING * * *
x2 You block Terence's attack.
Terence hits you with a +0 vorpal hand axe.
* * * LOW HITPOINT WARNING * * *
x2 It was a potion of curing.
You feel better.
Terence hits you with a +0 vorpal hand axe!
Ouch! That really hurt!
You die...

#.#.....#
#.###
#.#.###.# #.#
#.#...#.# #.#
######.#.#.#.#
#.#
#..........#.#
#.######
#.##########.#
#....... ..
#.#
##########.
#.###.#
#.....# #.
#.@@.$#
#[###.# #)
####### #.#
#.####.
#.###......
#.....#####
#####.# #.#
#.# ## #.# #.
#.# #.


You could see Terence (berserk).

Vanquished Creatures
  A dart slug (D:2)
  A ball python (D:1)
  5 endoplasms
  A giant cockroach (D:1)
  4 goblins
  A hobgoblin (D:1)
  2 jackals (D:1)
  2 quokkas (D:1)
  A bat (D:1)
  4 frilled lizards
  5 kobolds
  4 rats
31 creatures vanquished.

Notes
Turn   | Place    | Note
-------+----------+-------------------------------------------
     0 | D:1      | HotDog the Gargoyle Fighter began the quest for the Orb.
     0 | D:1      | Reached XP level 1. HP: 14/14 MP: 1/1
   471 | D:1      | Reached XP level 2. HP: 19/19 MP: 2/2
   808 | D:1      | Found a faded altar of an unknown god.
  1127 | D:2      | Upgraded the game from 0.29-a0-303-ge4682ce883 to
                  | 0.29-a0-314-gb00dd7cb4b
  1257 | D:2      | Reached XP level 3. HP: 15/23 MP: 3/3
  1602 | D:2      | Noticed Terence
  1607 | D:2      | HP: 1/23 [Terence/+0 vorpal hand axe (1)]
  1608 | D:2      | Slain by Terence

Illustrated notes

Levels and vault maps discovered:
D:1:      dpeg_arrival_tiny_f, layout_basic, hellmonk_ecumenical_altar_run_dry
D:2:      layout_basic, uniq_terence, uniq_jessica

Action                   || total
-------------------------++-------
Melee: Flail             ||    86
  Use: Potion            ||     1
Armor: Scale mail        ||    34
Dodge: Dodged            ||    28
       Repelled          ||     1
Block: Buckler           ||    19

Table legend: (Time is in decaauts)
 A = Elapsed time spent in this place.
 B = Non-inter-level travel time spent in this place.
 C = Inter-level travel time spent in this place.
 D = Time resting spent in this place.
 E = Time spent auto-exploring this place.
 F = Levels seen in this place.
 G = Mean time per level.
                   A        B        C        D        E       F      G
               +--------+--------+--------+--------+--------+-----+--------+
         Total |   1635 |   1523 |    112 |     71 |   1234 |   2 |  817.5 |
       Dungeon |   1635 |   1523 |    112 |     71 |   1234 |   2 |  817.5 |
               +--------+--------+--------+--------+--------+-----+--------+

Top non-repeatable levels by time:
     D:1: 1131 daAuts
     D:2: 504 daAuts
